 Dungeon Crawl Stone Soup version 0.19.3-1-g3169bf9 (webtiles) character file.

60 galech the Skirmisher (level 4, 0/49 HPs)
             Began as an Ogre Fighter on Jan 24, 2017.
             Slain by Edmund
             ... wielding a +0 flail of crushing
              (2 damage)
             ... on level 4 of the Dungeon.
             The game lasted 00:03:07 (1201 turns).

galech the Skirmisher (Ogre Fighter)                Turns: 1201, Time: 00:03:09

Health: 0/49       AC:  3    Str: 22    XL:     4   Next: 6%
Magic:  4/4        EV:  8    Int:  7    God:
Gold:   97         SH: 13    Dex:  9    Spells: 0 memorised, 3 levels left

rFire  . . .     SeeInvis .     a - +0 flail
rCold  . . .     Gourm    .     b - +0 robe
rNeg   . . .     Faith    .     c - +0 shield
rPois  .         Spirit   .     (helmet restricted)
rElec  .         Reflect  +     (no cloak)
rCorr  .         Harm     .     (gloves unavailable)
MR     .....                    (boots unavailable)
Stlth  +.........               e - +5 amulet of reflection
                                (no ring)
                                (no ring)

@: no status effects
A: unfitting armour, tough skin 1
a: no special abilities


You were on level 4 of the Dungeon.
You were not hungry.

You visited 1 branch of the dungeon, and saw 4 of its levels.

You collected 97 gold pieces.

Inventory:

Hand Weapons
 a - a +0 flail (weapon)
Armour
 b - a +0 robe (worn)
 c - a +0 shield (worn)
Jewellery
 e - a +5 amulet of reflection (around neck)
Scrolls
 i - a scroll of recharging {unknown}
 j - 2 scrolls of enchant weapon {unknown}
 k - a scroll of random uselessness {unknown}
 l - a scroll of amnesia {unknown}
 n - a scroll of remove curse {unknown}
Potions
 d - 2 potions of might
 g - a potion of curing
Comestibles
 f - 2 bread rations
 h - 2 meat rations
 m - 2 beef jerkies


   Skills:
 + Level 4.4 Fighting
 + Level 4.0 Maces & Flails
 + Level 3.0 Dodging
 + Level 3.2 Shields


You had 3 spell levels left.
You didn't know any spells.

Dungeon Overview and Level Annotations

Branches:
Dungeon (4/15)
 Temple: D:4-7

Altars:
Makhleb

Annotations:
D:4 Edmund


Innate Abilities, Weirdness & Mutations

You are too large for most types of armour.
You have tough skin. (AC +1)


Message History

Found a burning altar of Makhleb.
The jackal barks!
You barely miss the jackal.
The jackal barks!
You block the adder's attack. You block the jackal's attack.
The adder bites you but does no damage. The jackal bites you.
* * * LOW HITPOINT WARNING * * *
You barely miss the jackal. You block the adder's attack.
You block Edmund's attack. You block the jackal's attack.
The adder barely misses you.
You closely miss the jackal. You block Edmund's attack.
You block the adder's attack.
You closely miss the jackal.
The hound barks!
The adder bites you.
* * * LOW HITPOINT WARNING * * *
You block the jackal's attack.
Edmund hits you with a flail of crushing!
* * * LOW HITPOINT WARNING * * *
You die...

#..........
#.....%....
##..........
###...........
......#.######
#.###.#.## .
#..<.########
.....#.#....!..@####
.....#.######..S@hh#
.....#.# #..###h#
.......# .h...# ..
.####..# ∩_....# ...
. #..# #.....# ...
#.###....### ..
####. #


You could see Edmund, a hound, an adder and 3 jackals.

Vanquished Creatures
  An adder (D:2)
  2 oozes (D:1)
  3 leopard geckos
  7 bats
  2 giant cockroaches (D:1)
  4 goblins
  5 hobgoblins
  A frilled lizard (D:1)
  6 kobolds (D:1)
  6 rats (D:1)
37 creatures vanquished.

Notes
Turn   | Place    | Note
-------+----------+-------------------------------------------
     0 | D:1      | galech the Ogre Fighter began the quest for the Orb.
     0 | D:1      | Reached XP level 1. HP: 24/24 MP: 1/1
   172 | D:1      | Reached XP level 2. HP: 32/32 MP: 2/2
   567 | D:1      | Reached XP level 3. HP: 38/40 MP: 3/3
  1086 | D:2      | Reached XP level 4. HP: 49/49 MP: 4/4
  1179 | D:4      | Noticed Edmund
  1196 | D:4      | Found a burning altar of Makhleb.
  1201 | D:4      | HP: 2/49 [Edmund/flail of crushing (8)]
  1201 | D:4      | Slain by Edmund

Skill      XL: |  1  2  3 |
---------------+----------+-----
Maces & Flails | 3 4 |  4.0
Shields        | 3 |  3.2
Dodging        | 3 |  3.0
Fighting       | |  4.4

Action                   |  1- 3 |  4- 6 || total
-------------------------+-------+-------++-------
Melee: Flail             |   127 |    32 ||   159
  Use: Potion            |       |     1 ||     1
  Eat: Chunk             |     1 |       ||     1
Armor: Robe              |    36 |     9 ||    45
Dodge: Dodged            |    39 |    14 ||    53
Block: Shield            |   110 |    49 ||   159
       Reflection        |     4 |       ||     4
